 Dungeon Crawl Stone Soup version 0.27-a0-1191-g601b473118 (webtiles) character file.

Game seed: 10656209643696359840

13461 leviel the Severer (level 12, 0/113 HPs)
             Began as a Hill Orc Fighter on May 22, 2021.
             Was an Elder of the Shining One.
             Slain by Urug
             ... wielding a +2 eveningstar of flaming
              (29 damage)
             ... on level 11 of the Dungeon on May 23, 2021.
             The game lasted 00:16:28 (14199 turns).

leviel the Severer (Hill Orc Fighter)              Turns: 14199, Time: 00:16:28

Health: 0/113      AC: 15    Str: 26      XL:     12   Next: 6%
Magic:  18/18      EV:  8    Int: 11      God:    the Shining One [****..]
Gold:   555        SH: 11    Dex:  9 (10) Spells: 11/11 levels left

rFire    + . .     SeeInvis .   D - +2 war axe (vorpal)
rCold    . . .     Faith    +   c - +0 kite shield
rNeg     + + .     Spirit   .   p - +4 scale mail of the Ladybird {rF+ Str+2 Int+3}
rPois    .         Reflect  .   j - +2 helmet
rElec    .         Harm     .   f - +0 cloak
rCorr    +         Rampage  .   (no gloves)
Will     .....                  (no boots)
Stlth    ..........             n - amulet of faith
HPRegen  0.28/turn              b - ring of resist corrosion
MPRegen  0.16/turn              (no ring)

@: glowing
A: deterioration 1
a: Renounce Religion, Divine Shield, Cleansing Flame


You were on level 11 of the Dungeon.
You worshipped the Shining One.
The Shining One was greatly pleased with you.
You visited 2 branches of the dungeon, and saw 12 of its levels.

You collected 555 gold pieces.

Inventory:

Hand Weapons
 D - a +2 vorpal war axe (weapon)
Missiles
 i - 44 poisoned darts (quivered)
 s - a throwing net
 x - 2 curare-tipped darts
Armour
 c - a +0 kite shield (worn)
 f - a +0 cloak (worn)
 j - a +2 helmet (worn)
 p - the +4 scale mail of the Ladybird (worn) {rF+ Str+2 Int+3}
   (You found it on level 4 of the Dungeon)

   It affects your strength (+2).
   It affects your intelligence (+3).
   It protects you from fire.
Jewellery
 b - a ring of resist corrosion (left hand)
 n - an amulet of faith (around neck)
 z - an amulet of the acrobat
 C - a ring of wizardry
Wands
 e - a wand of paralysis (19)
 t - a wand of flame (17)
 u - a wand of digging (8)
 v - a wand of iceblast (16)
 w - a wand of polymorph (15)
Scrolls
 a - a scroll of amnesia {unknown}
 d - 2 scrolls of magic mapping
 g - 3 scrolls of teleportation
 m - 3 scrolls of identify {@r1}
 q - a scroll of fog
 y - a scroll of fear
 E - a scroll of blinking {unknown}
Potions
 h - a potion of brilliance
 l - a potion of curing
 o - 3 potions of lignification
 r - 4 potions of resistance
 A - a potion of attraction {unknown}
 B - 2 potions of haste


   Skills:
 - Level 12.3 Fighting
 - Level 16.0 Axes
 - Level 3.3 Armour
 + Level 8.9 Shields
 - Level 8.3 Invocations


You had 11 spell levels left.
You didn't know any spells.
Your spell library contained the following spells:

 Spells                   Type           Power      Damage    Failure   Level
 Animate Skeleton         Necr           0%         N/A       87%         1
 Apportation              Tloc           0%         N/A       87%         1
 Corona                   Hex            0%         N/A       87%         1
 Sandblast                Erth           0%         2d4       87%         1
 Summon Small Mammal      Summ           0%         N/A       87%         1
 Passwall                 Tmut/Erth      0%         N/A       95%         2
 Confusing Touch          Hex            0%         N/A       99%         3
 Gell's Gravitas          Tloc           0%         N/A       99%         3
 Stone Arrow              Conj/Erth      0%         3d7       99%         3
 Petrify                  Tmut/Erth      0%         N/A       100%        4
 Lee's Rapid Deconstruct  Erth           0%         3d5*      100%        5
 Metabolic Englaciation   Hex/Ice        0%         N/A       100%        5
 Yara's Violent Unravell  Hex/Tmut       0%         3d3       100%        5


Dungeon Overview and Level Annotations

Branches:
Dungeon (11/15)            Temple (1/1) D:4            Lair (0/6) D:10
    Orc (0/2) D:9

Altars:
Ashenzari
Cheibriados
Dithmenos
Elyvilon
Fedhas
Gozag
Hepliaklqana
Kikubaaqudgha
Makhleb
Nemelex Xobeh
Okawaru
Qazlal
Ru
Sif Muna
Trog
Uskayaw
Vehumet
Wu Jian
Xom
Zin
The Shining One
Beogh

Annotations:
D:5 3 runed translucent doors, DunceCap's ghost, novice GrFi; PewDiePie's ghost, amateur DsGl; bilbop's ghost, novice MiFi; freelancePsychic's ghost, novice TrHu
D:11 Urug


Innate Abilities, Weirdness & Mutations

Your body sometimes deteriorates upon taking damage.


Message History

Urug squints and says, "My one eye mightn't be all that good, but I can see you just fine with it, harpy."
You block Urug's attack.
You are too injured to fight recklessly!
You are too injured to fight recklessly!
You are too injured to fight recklessly!
You are too injured to fight recklessly!
You are too injured to fight recklessly!
You are too injured to fight recklessly!
You are too injured to fight recklessly!
You are too injured to fight recklessly!
You are too injured to fight recklessly!
You are too injured to fight recklessly!
You are too injured to fight recklessly!
You are too injured to fight recklessly!
You are too injured to fight recklessly!
You completely miss Urug.
Urug is heavily wounded.
You block Urug's attack.
You hit Urug.
Urug is severely wounded.
Urug barely misses you.
You barely miss Urug.
Urug is severely wounded.
Urug hits you with a +2 eveningstar of flaming!!
* * * LOW HITPOINT WARNING * * *
Urug burns you.
* * * LOW HITPOINT WARNING * * *
You slash Urug!
Urug is severely wounded.
You block Urug's attack.
Urug hits you with a +2 eveningstar of flaming!!
* * * LOW HITPOINT WARNING * * *
Your body deteriorates!
You feel clumsy. Urug burns you. The Shining One protects you from harm!
You feel much better. Urug closely misses you.
You hit Urug.
Urug is almost dead.
Urug hits you with a +2 eveningstar of flaming!!
You die...

....<........#
.............#
.............#
.............+
.............#
.............#
.......o.....# ##@#
#..# ###.#### #####
#......# ....#
###......###
....#######.>.........#
....##......#).....##.#
....#..######......# .
......## #......#


You could see Urug (fast).

Vanquished Creatures
  A boulder beetle (D:7)
  Erica (D:10)
  2 two-headed ogres
  2 centaur warriors
  Nergalle (D:10)
  Pikel (D:8)
  An ugly thing (D:7)
  Maurice (D:11)
  A troll (D:7)
  A hornet (D:5)
  A vampire (D:7)
  A wraith (D:10)
  12 yaks
  A steam dragon (D:7)
  An acid dragon (D:11)
  4 water moccasins
  A hornet zombie (D:9)
  6 orc warriors
  3 ice beasts
  2 black bears
  A necrophage (D:5)
  10 centaurs
  An ogre (D:6)
  A lemure (D:8)
  2 phantoms
  2 kobold brigands (D:9)
  3 bullfrogs
  2 gnoll sergeants
  2 scorpions
  A water moccasin skeleton (D:6)
  6 killer bees (D:10)
  5 wights
  A howler monkey (D:9)
  4 centaur zombies
  2 bullfrog zombies
  2 hounds
  A bullfrog skeleton (D:7)
  3 jellies (D:5)
  3 orc priests
  A centaur skeleton (D:6)
  3 gnoll shamans
  2 iguanas
  3 orc wizards
  2 killer bee zombies (D:7)
  Robin (D:3)
  A howler monkey skeleton (D:5)
  25 gnolls
  10 adders
  A shadow imp (D:6)
  A white imp (D:6)
  2 ufetubi
  An adder skeleton (D:5)
  3 worms
  3 dart slugs
  19 orcs
  6 ball pythons
  3 endoplasms
  5 giant cockroaches
  10 goblins
  5 hobgoblins
  2 jackals (D:4)
  6 bats
  2 frilled lizards
  15 kobolds
  4 rats
232 creatures vanquished.

Vanquished Creatures (others)
  39 fungi (D:10)
  24 plants (D:10)
  2 withered plants (D:5)
65 creatures vanquished.

Grand Total: 297 creatures vanquished

Notes
Turn   | Place    | Note
-------+----------+-------------------------------------------
     0 | D:1      | leviel the Hill Orc Fighter began the quest for the Orb.
     0 | D:1      | Reached XP level 1. HP: 19/19 MP: 1/1
    30 | D:1      | Reached skill level 3 in Axes
    95 | D:1      | Reached XP level 2. HP: 27/27 MP: 2/2
    95 | D:1      | You fall into a shaft and drop 1 floor!
   164 | D:2      | Reached skill level 4 in Axes
   726 | D:2      | Reached XP level 3. HP: 25/33 MP: 3/3
  1117 | D:2      | Reached skill level 5 in Axes
  1396 | D:2      | Reached XP level 4. HP: 40/40 MP: 4/4
  1789 | D:3      | Noticed Robin
  1801 | D:3      | Killed Robin
  1802 | D:3      | Reached skill level 6 in Axes
  2054 | D:3      | Upgraded the game from 0.27-a0-1189-gb8eb6cee8e to
                  | 0.27-a0-1191-g601b473118
  2507 | D:3      | Reached XP level 5. HP: 46/46 MP: 5/5
  2690 | D:4      | Identified the +4 scale mail of the Ladybird {rF+ Str+2
                  | Int+3}
  2797 | D:4      | Found a staircase to the Ecumenical Temple.
  2888 | Temple   | Entered the Ecumenical Temple
  3089 | Temple   | Became a worshipper of the Shining One
  3265 | D:4      | Reached skill level 7 in Axes
  3462 | D:4      | Found a radiant altar of Vehumet.
  4315 | D:5      | Entered Level 5 of the Dungeon
  4327 | D:5      | Noticed a necrophage
  4334 | D:5      | Killed a necrophage
  4335 | D:5      | Reached skill level 8 in Axes
  4335 | D:5      | Reached XP level 6. HP: 49/52 MP: 6/6
  4571 | D:5      | Reached skill level 9 in Axes
  4574 | D:5      | Reached XP level 7. HP: 44/58 MP: 7/7
  4668 | D:5      | Found a runed translucent gate.
  4668 | D:5      | Found a runed translucent gate.
  4668 | D:5      | Found a runed translucent gate.
  4669 | D:5      | Noticed DunceCap's ghost (novice GrFi)
  4670 | D:5      | Noticed PewDiePie's ghost (amateur DsGl)
  4670 | D:5      | Reached * piety under the Shining One
  4670 | D:5      | Noticed freelancePsychic's ghost (novice TrHu)
  4670 | D:5      | Noticed bilbop's ghost (novice MiFi)
  4709 | D:5      | Noticed a hornet
  4716 | D:5      | Killed a hornet
  4717 | D:5      | Reached skill level 10 in Axes
  5219 | D:5      | Reached skill level 11 in Axes
  5601 | D:6      | Reached XP level 8. HP: 17/66 MP: 8/8
  6149 | D:6      | Reached skill level 12 in Axes
  6304 | D:6      | Reached ** piety under the Shining One
  6384 | D:6      | Found a hide-covered altar of Uskayaw.
  6386 | D:6      | Found a shimmering altar of Xom.
  6421 | D:6      | Reached skill level 13 in Axes
  7095 | D:7      | Noticed a green ugly thing
  7114 | D:7      | Killed a green ugly thing
  7115 | D:7      | Reached skill level 14 in Axes
  7115 | D:7      | Reached XP level 9. HP: 71/71 MP: 9/9
  7658 | D:7      | Reached skill level 15 in Axes
  7856 | D:7      | Noticed a troll
  7856 | D:7      | Noticed a boulder beetle
  7874 | D:7      | Reached skill level 16 in Axes
  7874 | D:7      | Reached skill level 1 in Invocations
  8495 | D:7      | Killed a boulder beetle
  8496 | D:7      | Reached XP level 10. HP: 21/78 MP: 11/15
  8873 | D:7      | Reached *** piety under the Shining One
  8983 | D:7      | The Shining One protects you from harm!
  9644 | D:8      | Gained mutation: Your body sometimes deteriorates upon
                  | taking damage. [potion of mutation]
  9724 | D:8      | Found a snail-covered altar of Cheibriados.
  9913 | D:8      | Noticed Pikel
  9929 | D:8      | Killed Pikel
 10682 | D:9      | Noticed a two-headed ogre
 10694 | D:9      | Killed a two-headed ogre
 10906 | D:9      | Found a staircase to the Orcish Mines.
 11715 | D:9      | Reached **** piety under the Shining One
 11753 | D:9      | Reached XP level 11. HP: 24/99 MP: 17/17
 11755 | D:9      | Reached skill level 10 in Fighting
 12108 | D:9      | Found a roughly hewn altar of Beogh.
 12282 | D:10     | Entered Level 10 of the Dungeon
 12487 | D:10     | Noticed Erica
 12505 | D:10     | Killed Erica
 12920 | D:10     | Noticed Nergalle
 12929 | D:10     | Killed Nergalle
 12988 | D:10     | Found a staircase to the Lair.
 13320 | D:10     | Noticed a centaur warrior
 13326 | D:10     | Killed a centaur warrior
 13327 | D:10     | Reached skill level 5 in Shields
 13496 | D:10     | Noticed a two-headed ogre
 13504 | D:10     | Killed a two-headed ogre
 13838 | D:11     | Noticed a centaur warrior
 13848 | D:11     | Killed a centaur warrior
 13849 | D:11     | Reached XP level 12. HP: 99/113 MP: 18/18
 14051 | D:11     | Noticed Maurice
 14060 | D:11     | Killed Maurice
 14185 | D:11     | Noticed Urug
 14197 | D:11     | HP: 2/113 [Urug/+2 eveningstar of flaming (22)]
 14197 | D:11     | The Shining One protects you from harm!
 14199 | D:11     | Slain by Urug

Illustrated notes

Levels and vault maps discovered:
D:1:      lightli_arrival_noodles, layout_rooms,
          shapermc_ecumenical_altar_hornbeckon
D:2:      layout_basic
D:3:      layout_loops_cross, serial_bayou_pond_d, minmay_crystal_water,
          uniq_robin
D:4:      layout_basic, vehumet_altar_wand_db, minmay_temple_entry_purple_smoke
D:5:      layout_basic, gammafunk_ghost_cemetery, hangedman_decor_opposing,
          kennysheep_donut
D:6:      layout_basic, minitemple, nicolae_lava_and_water
D:7:      minmay_slanted_spiral_squares, layout_basic, minmay_holes
D:8:      layout_basic, cheibrodos_worm_habitat, uniq_pikel
D:9:      layout_gridville, minmay_orc_entry_temple_small,
          minmay_misc_feat_doors
D:10:     layout_basic, due_lair_maze_entry_diamond, kennysheep_generic_room_13,
          uniq_erica, uniq_nergalle
D:11:     layout_roguey, serial_shops, shop, uniq_maurice, uniq_urug,
          uniq_erolcha
Temple:   dpeg_five_rooms_temple

Skill      XL: |  1  2  3  4  5  6  7  8  9 10 11 |
---------------+----------------------------------+-----
Axes           | 3 4 5 6 8 9 11 14 16 | 16.0
Invocations    | 7 8 |  8.3
Fighting       | 9 12 | 12.3
Shields        | 8 |  8.9
Armour         | |  3.3

Action                   |  1- 3 |  4- 6 |  7- 9 | 10-12 || total
-------------------------+-------+-------+-------+-------++-------
Melee: War axe           |    74 |   146 |   198 |   359 ||   777
Throw: Dart              |    11 |    12 |     6 |     7 ||    36
  Use: Scroll            |       |     9 |     3 |     5 ||    17
       Potion            |       |       |     2 |     7 ||     9
Armor: Scale mail        |    31 |    74 |    84 |   132 ||   321
       Skin              |       |       |     8 |       ||     8
Dodge: Dodged            |    29 |    51 |    53 |    91 ||   224
Block: Kite shield       |    47 |    77 |    81 |   174 ||   379

Table legend: (Time is in decaauts)
 A = Elapsed time spent in this place.
 B = Non-inter-level travel time spent in this place.
 C = Inter-level travel time spent in this place.
 D = Time resting spent in this place.
 E = Time spent auto-exploring this place.
 F = Levels seen in this place.
 G = Mean time per level.
                   A        B        C        D        E       F      G
               +--------+--------+--------+--------+--------+-----+--------+
         Total |  14288 |  13861 |    427 |   3964 |   8349 |  12 | 1190.7 |
       Dungeon |  14037 |  13684 |    353 |   3964 |   8173 |  11 | 1276.1 |
        Temple |    250 |    177 |     73 |      0 |    176 |   1 |  250.0 |
               +--------+--------+--------+--------+--------+-----+--------+

Top non-repeatable levels by time:
     D:7: 2317 daAuts
     D:9: 2006 daAuts
     D:6: 1616 daAuts
    D:10: 1547 daAuts
     D:2: 1449 daAuts
     D:4: 1413 daAuts
     D:3: 1196 daAuts
     D:5: 1151 daAuts
     D:8: 879 daAuts
    D:11: 354 daAuts
  Temple: 250 daAuts
     D:1: 103 daAuts
